 Dungeon Crawl Stone Soup version 0.15.0-12-gccce430 (webtiles) character file.

84 Aelig the Changer (level 4, 24/28 HPs)
             Began as an Octopode Transmuter on Sept 1, 2014.
             Quit the game on Level 2 of the Dungeon.
             The game lasted 00:07:15 (1935 turns).

Aelig the Changer (Octopode Transmuter)             Turns: 1935, Time: 00:07:16

HP  24/28        AC  1     Str  9      XL: 4   Next: 45%
MP   7/7         EV 12     Int 16      God:
Gold 94          SH  0     Dex 12      Spells:  2 memorised,  4 levels left

rFire  . . .     SeeInvis .       - Unarmed
rCold  . . .     Clarity  .     (no shield)
rNeg   . . .     rCorr    .     (helmet restricted)
rPois  .         rRot     .     (no amulet)
rElec  .         Spirit   .     (no ring)
SustAb .         Warding  .     (no ring)
rMut   .         Stasis   .     (no ring)
Gourm  .                        (no ring)
MR     .....                    (no ring)
                                (no ring)
                                (no ring)
                                (no ring)

@: not resistant to hostile enchantments, unstealthy
A: almost no armour, amphibious, 8 rings, constrict 8, camouflage 1, gelatinous
body 1
a: no special abilities


You were on level 2 of the Dungeon.
You were hungry.

You visited 1 branch of the dungeon, and saw 3 of its levels.

You collected 94 gold pieces.

Inventory:

Missiles
 b - 101 arrows
 h - 16 arrows of flame
 k - 72 stones (quivered)
Comestibles
 a - 3 bread rations
 g - a meat ration
 l - a rotting chunk of rat flesh
 r - a chunk of hobgoblin flesh
 v - 3 chunks of hobgoblin flesh
 w - 2 chunks of quokka flesh
Scrolls
 c - 3 scrolls of identify {unknown}
 e - 2 scrolls of remove curse {unknown}
 i - a scroll of immolation {unknown}
 j - a scroll of random uselessness {unknown}
 m - a scroll of amnesia {unknown}
 n - a scroll of teleportation {unknown}
 t - a scroll of magic mapping {unknown}
 u - a scroll of enchant armour {unknown}
Jewellery
 p - an uncursed ring of stealth {unknown}
 q - an uncursed amulet of resist mutation {unknown}
Potions
 f - 3 potions of curing {unknown}
 o - a potion of restore abilities {unknown}
Books
 d - a book of Changes

   Spells                             Type                      Level
   *Beastly Appendage                 Transmutation                1
   *Sticks to Snakes                  Transmutation                2
   Spider Form                        Transmutation/Poison         3
   Ice Form                           Ice/Transmutation            4
   Blade Hands                        Transmutation                5


   Skills:
 - Level 1.0 Fighting
 - Level 2.0 Dodging
 - Level 3.0 Unarmed Combat
 - Level 2.0 Spellcasting
 + Level 4.5 Transmutations


You had 4 spell levels left.
You knew the following spells:

 Your Spells              Type           Power        Failure   Level  Hunger
a - Beastly Appendage     Trmt           ###...       3%          1    #......
b - Sticks to Snakes      Trmt           ###.......   6%          2    ###....


Dungeon Overview and Level Annotations

Branches:
Dungeon (3/15)

Altars:
Sif Muna


Innate Abilities, Weirdness & Mutations

You cannot wear most types of armour.
You are amphibious.
You can wear up to eight rings at the same time.
You can use your tentacles to constrict many enemies at once.
Your skin changes colour to match your surroundings (Stealth).
Your rubbery body absorbs attacks (AC +1).


Message History

Your transformation is almost over.
You tentacle-slap the worm. You grab the worm. You squeeze the worm!
The worm is moderately wounded.
You constrict the worm. The worm bites you.
You tentacle-slap the worm.
The worm is heavily wounded.
You constrict the worm. You tentacle-slap the worm.
The worm is severely wounded.
You constrict the worm. The worm barely misses you.
You tentacle-slap the worm. You squeeze the worm.
You kill the worm!
Your tentacle spike disappears.
f - 3 yellow potions (gained 1)
You start resting.
You are feeling hungry.
You start resting.
You smell decay.
Yuck! (slot l) Unknown command.
Are you sure you want to abandon this character and quit the game? (Confirm with "yes".)

######## #.#......
..# #.#.#....
#.######.#.#....
#####.....##.#.#....
#.....###.##.#.#....
#.......#.##.#.#....
#.....#.#.##.#.#....
#.........##.#.#####
#..@..#.#<%....#
#%....#...##.###
#.....###.##.#
#.....# #.##.#
#......# #....#
#...#### ######
#...# #...# ...#


There were no monsters in sight!

Vanquished Creatures
  2 adders (D:2)
  A giant mite (D:2)
  2 worms (D:2)
  2 giant geckos
  2 ball pythons
  2 giant cockroaches (D:2)
  8 hobgoblins
  5 jackals
  A quokka (D:2)
  3 bats
  A giant newt (D:1)
  3 goblins
  2 kobolds (D:2)
  8 rats
42 creatures vanquished.

Vanquished Creatures (collateral kills)
  A gnoll (D:2)
1 creature vanquished.

Grand Total: 43 creatures vanquished

Notes
Turn   | Place    | Note
--------------------------------------------------------------
     0 | D:1      | Aelig, the Octopode Transmuter, began the quest for the Orb.
     0 | D:1      | Reached XP level 1. HP: 13/13 MP: 3/3
   311 | D:1      | Reached XP level 2. HP: 15/18 MP: 2/4
   319 | D:1      | Learned a level 2 spell: Sticks to Snakes
   950 | D:2      | Found a deep blue altar of Sif Muna.
   958 | D:2      | Reached XP level 3. HP: 20/23 MP: 4/6
  1248 | D:2      | Reached skill level 4 in Transmutations
  1443 | D:2      | Reached XP level 4. HP: 24/28 MP: 7/7
  1935 | D:2      | Quit the game

Action                   |  1- 3 |  4- 6 || total
-------------------------+-------+-------++-------
Melee: Unarmed           |    71 |    24 ||    95
Throw: Stone             |     1 |     1 ||     2
 Cast: Beastly Appendage |    10 |     1 ||    11
       Sticks to Snakes  |     2 |       ||     2
 Stab: Sleeping          |     2 |       ||     2
  Eat: Chunk             |     1 |     2 ||     3
